AoeStats
← and0608

Arena

510583196Analyzed
1v1 RM · 13h ago on Oct 1, 2026· 49m 48s· 2 players
Game mode
Random Map
Map size
Tiny (2 player)
Population
200
Speed
Normal
Resources
Standard
Victory
Conquest
Starting age
Dark Age
Ending age
Imperial Age
RankedLock teamsTeams togetherTeam positionsShared explorationLock speedFull tech treeHidden civsTurbo modeCheats
Victory
Defeat
🇹🇷 Turks · Türkiye
920
+15
🇨🇭 Inca · Switzerland
904
-15
and0608
10:02 Feudal Age
15:43 Castle Age
23:34 Horse Collar
30:27 Imperial Age
28:25 Double-Bit Axe
28:41 Heavy Plow
28:33 Gold Mining
29:50 Bow Saw
31:18 Gold Shaft Mining
30:34 Stone Mining
32:30 Conscription
33:12 Crop Rotation
33:18 Stone Shaft Mining
33:57 Onager
35:07 Padded Archer Armor
34:57 Fletching
36:19 Squires
35:40 Pikeman
38:11 Elite Skirmisher
39:15 Leather Archer Armor
38:56 Bodkin Arrow
39:53 Squires
39:14 Halberdier
41:30 Bracer
42:01 Ring Archer Armor
42:49 Scale Mail Armor
43:00 Forging
45:35 Andean Sling
46:16 Chain Mail Armor
46:37 Iron Casting
48:42 Chemistry
SekErkek
11:00 Feudal Age
15:45 Castle Age
14:20 Stone Mining
14:26 Gold Mining
14:23 Double-Bit Axe
14:58 Horse Collar
19:50 Wheelbarrow
19:01 Loom
21:47 Heavy Plow
26:00 Wheelbarrow
27:49 Bow Saw
31:49 Imperial Age
29:37 Hand Cart
29:17 Fletching
29:27 Padded Archer Armor
30:08 Gold Shaft Mining
31:02 Thumb Ring
31:19 Leather Archer Armor
30:59 Bodkin Arrow
31:15 Forging
32:37 Bracer
33:08 Ring Archer Armor
33:09 Ballistics
35:21 Bloodlines
35:12 Husbandry
37:24 Two-Man Saw
Connection lost

Rejoining the realm…

Still unreachable

The connection could not be restored.

Session expired

The server has moved on; the page needs a fresh start.